 Dungeon Crawl Stone Soup version 0.31-a0-831-g143b1e8 (webtiles) character file.

Game seed: 4932023506177833631

42927 BarneyGumball the Frost Mage (level 13, -10/96 HPs)
             Began as a Demonspawn Ice Elementalist on Sept 22, 2023.
             Was a High Priest of Vehumet.
             Mangled by a death yak (21 damage)
             ... on level 4 of the Lair of Beasts on Sept 24, 2023.
             The game lasted 01:09:48 (17564 turns).

BarneyGumball the Frost Mage (DsIE)                Turns: 17564, Time: 01:09:48

Health: -10/96     AC:  7    Str: 10    XL:     13   Next: 88%
Magic:  0/22       EV: 16    Int: 25    God:    Vehumet [*****.]
Gold:   728        SH:  0    Dex: 19    Spells: 2/24 levels left

rFire   + . .        u - staff of poison
rCold   . . .        (no shield)
rNeg    + . .        E - +0 robe of the Kodama {Int+4}
rPois   +            (helmet restricted)
rElec   .            A - +0 cloak
rCorr   .            D - +0 pair of gloves
SInv    .            (no boots)
Will    .....        (no amulet)
Stlth   ++           G - ring of protection from fire
HPRegen 0.36/turn    p - ring "Yrate" {rN+ Dex+6}
MPRegen 0.36/turn

%: guardian spirit
@: freezing walls
A: antennae 2, icy blue scales 2, foul stench 1, magic shield, magic
regeneration
a: Renounce Religion


You were on level 4 of the Lair of Beasts.
You worshipped Vehumet.
Vehumet was extremely pleased with you.
You visited 3 branches of the dungeon, and saw 15 of its levels.

You collected 840 gold pieces.
You spent 112 gold pieces at shops.

Inventory:

Hand Weapons
 o - a +0 hand axe of electrocution
Missiles
 b - a throwing net
 q - 17 poisoned darts (quivered)
 H - 4 curare-tipped darts
Armour
 A - a +0 cloak (worn)
 D - a +0 pair of gloves (worn)
 E - the +0 robe of the Kodama (worn) {Int+4}
   (You found it on level 1 of the Lair of Beasts)

   Int+4:     It affects your intelligence (+4).
Magical Staves
 u - a staff of poison (weapon)
Jewellery
 f - a +4 ring of protection
 p - the ring "Yrate" (right hand) {rN+ Dex+6}
   (You found it on level 4 of the Dungeon)

   [ring of dexterity]

   Dex+6:     It affects your dexterity (+6).
   rN+:       It protects you from negative energy.
 G - a ring of protection from fire (left hand)
Wands
 a - a wand of iceblast (9)
 s - a wand of flame (2)
 F - a wand of quicksilver (9)
Scrolls
 c - 5 scrolls of vulnerability
 d - a scroll of teleportation
 e - a scroll of enchant armour {unknown}
 g - 2 scrolls of poison
 h - 2 scrolls of immolation
 j - a scroll of torment
 l - a scroll of enchant weapon {unknown}
 m - 2 scrolls of blinking
 n - 3 scrolls of amnesia
 y - 3 scrolls of fear {unknown}
 B - 3 scrolls of fog
Potions
 i - 4 potions of curing
 k - 2 potions of mutation
 r - a potion of might
 t - 2 potions of berserk rage
 v - a potion of ambrosia
 w - a potion of magic
 x - a potion of attraction
 z - a potion of lignification
 C - a potion of haste {unknown}
 I - a potion of enlightenment
 K - a potion of cancellation {unknown}
Miscellaneous
 J - a phantom mirror


   Skills:
 + Level 7.5 Fighting
 + Level 6.5 Dodging
 - Level 2.0 Stealth
 - Level 6.0 Spellcasting
 + Level 12.2 Conjurations
 + Level 12.5 Ice Magic
 - Level 9.2 Air Magic
 - Level 6.0 Earth Magic


You had 2 spell levels left.
You knew the following spells:

 Your Spells              Type           Power      Damage    Failure   Level
a - Freeze                Ice            100%       1d10      1%          1
b - Frozen Ramparts       Ice            100%       1d16      1%          3
c - Ozocubu's Armour      Ice            63%        N/A       1%          3
d - Stone Arrow           Conj/Erth      100%       3d13      1%          3
e - Freezing Cloud        Conj/Ice/Air   29%        6-21      1%          5
f - Ozocubu's Refrigerat  Ice            31%        4d14      11%         7

Your spell library contained the following spells:

 Spells                   Type           Power      Damage    Failure   Level
 Cigotuvi's Dreadful Rot  Necr/Pois/Air  68%        N/A       3%          2
 Necrotise                Necr           28%        1d5       8%          1
 Sublimation of Blood     Necr           7%         N/A       11%         2
 Wereblood                Tmut           7%         N/A       11%         2
 Sticky Flame             Conj/Fire      38%        2d6       1%          4
 Summon Ice Beast         Ice/Summ       38%        N/A       5%          4
 Ignite Poison            Fire/Tmut/Pois 11%        N/A       6%          3
 Call Canine Familiar     Summ           7%         N/A       22%         3
 Sigil of Binding         Hex            7%         N/A       22%         3
 Vampiric Draining        Necr           7%         2d6       22%         3
 Leda's Liquefaction      Hex/Erth       11%        N/A       22%         4
 Anguish                  Hex/Necr       3%         N/A       58%         4
 Cause Fear               Hex            3%         N/A       58%         4
 Dimensional Bullseye     Hex/Tloc       3%         N/A       58%         4
 Agony                    Necr           7%         N/A       90%         5
 Enfeeble                 Hex            3%         N/A       100%        7
 Summon Hydra             Summ           3%         N/A       100%        7
 Ignition                 Fire           3%         3d4       100%        8


Dungeon Overview and Level Annotations

Branches:
Dungeon (10/15)            Temple (1/1) D:7            Lair (4/5) D:10
  Swamp (0/4) Lair:2        Snake (0/4) Lair:3
  Slime: Lair:4-5       Orc: D:9-12

Altars:
Ashenzari
Cheibriados
Dithmenos
Fedhas
Gozag
Hepliaklqana
Kikubaaqudgha
Makhleb
Nemelex Xobeh
Okawaru
Qazlal
Ru
Sif Muna
Trog
Uskayaw
Vehumet
Wu Jian
Xom
Yredelemnul

Shops:
D:8 :*

Annotations:
D:10 2 transporters, exclusion: door
Lair:1 3 runed translucent doors, exclusions: Sonja and 3 doors, tenshi1004's ghost, journeyman FoFi
Lair:2 3 runed translucent doors, exclusion: 3 doors, gorushi's ghost, journeyman GnSh
Lair:4 1 transporter, Disoufrejy's ghost, journeyman MiFi


Innate Abilities, Weirdness & Mutations

You have a pair of antennae on your head.
You are mostly covered in icy blue scales. (AC +3)
You may rarely emit foul miasma when damaged in melee.
When hurt, damage is shared between your health and your magic reserves.
You regenerate magic rapidly.


Message History

The wall freezes the death yak.
The death yak gores you.
The death yak gores the plant!!
The death yak is engulfed in freezing vapours.
A death yak comes into view.
The death yak bellows!
You hit the death yak but do no damage.
The death yak is almost dead.
A nearby plant withers and dies.
The wall freezes the death yak!
The death yak completely misses you.
The wall freezes the death yak.
The death yak gores you.
You emit a cloud of foul miasma!
The death yak is engulfed in freezing vapours.
The wall freezes the death yak but does no damage.
The death yak gores you!
You hit the death yak but do no damage.
The death yak is almost dead.
The death yak is engulfed in freezing vapours.
The death yak is engulfed in dark miasma.
The death yak is poisoned.
The wall freezes the death yak.
The death yak completely misses you.
The wall freezes the death yak.
You kill the death yak!
Vehumet accepts your kill.
You feel your power returning.
You hit the death yak but do no damage.
The death yak is severely wounded.
The death yak is engulfed in freezing vapours.
The death yak is engulfed in dark miasma.
The death yak looks even sicker.
The death yak seems to slow down.
The wall freezes the death yak.
The death yak gores you!
The death yak is engulfed in freezing vapours.
You hit the death yak but do no damage.
The death yak is severely wounded.
The death yak is no longer moving slowly.
The wall freezes the death yak.
The death yak gores you!!
* * * LOW HITPOINT WARNING * * *
The death yak is engulfed in freezing vapours. x2
The death yak is engulfed in dark miasma.
The death yak looks even sicker.
The wall freezes the death yak but does no damage.
The death yak gores you!!
You die...

..................#........
YY.#P..§#.....#.....#......
.......§§§........P.#.P....
#.....§§§............P.#..
Y#....○○☼§P.#.#.#.......#..
.......Y°§#.#...#..........
....§..○§.#...#.......P.#..
.P.##§§§§YP.#...P.P.P...P.#
#.#§Y.@................
#..§.YY#...#...P........
........#...#...........#
..#P.....#..........P..#.#
.#.##.........#...#.PP#...#
. #.....................#
#.....P.#.P............
......................)
##.#...###.###..#....


You could see 5 death yaks.

Vanquished Creatures
  2 ghost crabs (Lair:2)
  15 death yaks
  Urug (Lair:2)
  Sonja (Lair:1)
  A deep troll (Lair:3)
  6 elephants (Lair:4)
  2 black mambas (Lair:1)
  A torpor snail (Lair:2)
  7 cane toads
  An unseen horror (D:10)
  4 unseen horror zombies (D:9)
  Maggie (D:6)
  7 komodo dragons
  2 polar bears
  2 trolls (D:10)
  2 hornets
  17 blink frogs
  9 dream sheep (Lair:4)
  A spectral elephant (Lair:2)
  A spectral black mamba (Lair:2)
  7 wyverns
  36 yaks
  7 humans (Lair:4)
  2 steam dragons
  3 basilisks
  2 nagas (Lair:3)
  3 wargs (D:10)
  4 acid dragons
  Duvessa (D:6)
  12 water moccasins
  2 orc warriors
  2 spectral blink frogs (Lair:2)
  A black bear (Lair:1)
  An ogre (D:7)
  14 wolves
  3 centaurs
  2 phantoms (D:5)
  A spectral basilisk (Lair:2)
  A kobold brigand (D:5)
  Blork the orc (D:4)
  18 bullfrogs
  2 gnoll sergeants
  4 scorpions
  10 wights
  Dowan (D:6)
  14 killer bees
  6 howler monkeys
  3 centaur zombies (D:9)
  2 jellies
  2 gnoll boudas (D:6)
  6 orc priests
  4 hounds
  4 iguanas
  A sleepcap (D:5)
  9 orc wizards
  A killer bee zombie (D:9)
  2 howler monkey zombies (D:9)
  22 gnolls
  4 adders
  2 white imps
  A worm (D:4)
  2 dart slugs
  38 orcs
  9 endoplasms
  2 giant cockroaches (D:4)
  4 goblins
  10 hobgoblins
  5 jackals
  11 kobolds
  2 quokkas (D:3)
  7 ball pythons
  6 bats
  2 frilled lizards
  2 rats (D:2)
406 creatures vanquished.

Vanquished Creatures (others)
  A hydra (Lair:2)
  2 trolls (D:10)
  2 yaks (D:10)
5 creatures vanquished.

Grand Total: 411 creatures vanquished

Notes
Turn   | Place    | Note
-------+----------+-------------------------------------------
     0 | D:1      | BarneyGumball the Demonspawn Ice Elementalist began the
                  | quest for the Orb.
     0 | D:1      | Reached XP level 1. HP: 13/13 MP: 3/3
   298 | D:1      | Upgraded the game from 0.31-a0-818-ge7c7cf7 to
                  | 0.31-a0-831-g143b1e8
   321 | D:1      | Gained mutation: You are partially covered in icy blue
                  | scales. (AC +2) [demonic ancestry]
   321 | D:1      | Reached XP level 2. HP: 19/19 MP: 5/5
   873 | D:2      | Reached XP level 3. HP: 24/24 MP: 4/6
  1154 | D:2      | Learned a level 3 spell: Frozen Ramparts
  1501 | D:3      | Found a blossoming altar of Fedhas.
  1524 | D:3      | Found an opulent altar of Gozag.
  1694 | D:3      | Identified the +2 ring mail of the Komodo Dragon {Dex+2}
  1867 | D:3      | Gained mutation: You regenerate magic rapidly. [demonic
                  | ancestry]
  1867 | D:3      | Reached XP level 4. HP: 30/30 MP: 3/7
  2120 | D:3      | Reached skill level 5 in Ice Magic
  2438 | D:4      | Learned a level 3 spell: Ozocubu's Armour
  2636 | D:4      | Noticed a bullfrog
  2641 | D:4      | Killed a bullfrog
  2642 | D:4      | Gained mutation: When hurt, damage is shared between your
                  | health and your magic reserves. [demonic ancestry]
  2642 | D:4      | Reached XP level 5. HP: 35/35 MP: 1/8
  2929 | D:4      | Identified the ring "Yrate" {rN+ Dex+6}
  2947 | D:4      | Noticed Blork the orc
  2957 | D:4      | Reached XP level 6. HP: 41/41 MP: 9/9
  2980 | D:4      | Killed Blork the orc
  3392 | D:5      | Entered Level 5 of the Dungeon
  3468 | D:5      | Identified the +9 spear "Neucorue" {holy, Contam rCorr
                  | Str-5 Int+7}
  3586 | D:5      | Reached skill level 1 in Fighting
  3637 | D:5      | Reached XP level 7. HP: 49/49 MP: 5/11
  3721 | D:5      | Found a hide-covered altar of Uskayaw.
  4690 | D:6      | Noticed Dowan
  4691 | D:6      | Noticed Duvessa
  4696 | D:5      | Reached skill level 1 in Conjurations
  4696 | D:5      | Reached skill level 1 in Air Magic
  4711 | D:6      | Noticed Maggie
  4887 | D:5      | Reached XP level 8. HP: 47/58 MP: 7/12
  4977 | D:6      | Killed Dowan
  4989 | D:6      | Killed Duvessa
  5326 | D:6      | Killed Maggie
  5472 | D:6      | Reached skill level 5 in Fighting
  5650 | D:6      | Identified the +10 dagger of Oneyjuad {holy, Fly rF+ Int+3}
  5708 | D:6      | Gained mutation: You have a pair of small antennae on your
                  | head. [demonic ancestry]
  5708 | D:6      | Reached XP level 9. HP: 61/68 MP: 9/13
  6344 | D:7      | Reached skill level 5 in Conjurations
  6392 | D:7      | Found a staircase to the Ecumenical Temple.
  6403 | D:7      | Reached skill level 5 in Air Magic
  6443 | Temple   | Entered the Ecumenical Temple
  6516 | Temple   | Became a worshipper of Vehumet
  7552 | D:8      | Found Loutes's Self-Published Books.
  7581 | D:8      | Found Vuxoer's Assorted Antiques.
  7586 | D:8      | Bought a scroll of identify for 46 gold pieces
  7586 | D:8      | Bought a scroll of identify for 46 gold pieces
  7586 | D:8      | Bought a murky yellow potion for 20 gold pieces
  7641 | D:8      | Reached * piety under Vehumet
  7641 | D:8      | Offered knowledge of Kiss of Death by Vehumet.
  8027 | D:8      | Reached XP level 10. HP: 74/74 MP: 12/14
  9471 | D:9      | Reached ** piety under Vehumet
  9661 | D:9      | Offered knowledge of Momentum Strike by Vehumet.
  9916 | D:10     | Entered Level 10 of the Dungeon
 10072 | D:10     | Found a shimmering altar of Xom.
 10121 | D:10     | Paralysed by a hornet for 1 turns
 10190 | D:10     | Noticed a cyclops
 10190 | D:10     | Noticed a wizard
 10190 | D:10     | Noticed a cyclops
 10190 | D:10     | Noticed an orc knight
 10269 | D:10     | Gained mutation: You are mostly covered in icy blue scales.
                  | (AC +3) [demonic ancestry]
 10269 | D:10     | Reached XP level 11. HP: 61/79 MP: 6/15
 10540 | D:10     | Found a staircase to the Lair.
 10578 | D:10     | Offered knowledge of Stone Arrow by Vehumet.
 10579 | D:10     | Reached skill level 10 in Ice Magic
 10585 | D:10     | Learned a level 3 spell: Stone Arrow
 10867 | D:10     | Reached skill level 1 in Earth Magic
 11078 | D:10     | Found a transporter.
 11127 | D:10     | Found a transporter.
 11242 | Lair:1   | Entered Level 1 of the Lair of Beasts
 11338 | Lair:1   | Noticed Sonja
 11495 | Lair:1   | Found a runed translucent gate.
 11499 | Lair:1   | Found a runed translucent gate.
 11500 | Lair:1   | Found a runed translucent gate.
 11500 | Lair:1   | Noticed tenshi1004's ghost (journeyman FoFi)
 11500 | Lair:1   | Noticed a ten-headed hydra
 11501 | Lair:1   | Noticed a ten-headed hydra
 11518 | Lair:1   | Learned a level 5 spell: Freezing Cloud
 11524 | Lair:1   | Identified the +0 robe of the Kodama {Int+4}
 11623 | Lair:1   | Reached *** piety under Vehumet
 12499 | Lair:1   | Killed Sonja
 12823 | Lair:2   | Offered knowledge of Iskenderun's Mystic Blast by Vehumet.
 12824 | Lair:2   | Reached skill level 5 in Earth Magic
 12974 | Lair:2   | Noticed gorushi's ghost (journeyman GnSh)
 12984 | Lair:2   | Gained mutation: You may rarely emit foul miasma when
                  | damaged in melee. [demonic ancestry]
 12984 | Lair:2   | Reached XP level 12. HP: 59/86 MP: 6/17
 13068 | Lair:2   | Noticed a death yak
 13088 | Lair:2   | HP: 2/86 [death yak[a torpor snail] (18)]
 13405 | Lair:2   | Noticed a five-headed hydra
 13406 | Lair:2   | Noticed Urug
 13408 | Lair:2   | Noticed a death yak
 13409 | Lair:2   | Killed a five-headed hydra
 13410 | Lair:2   | Noticed a death yak
 13412 | Lair:2   | Noticed a death yak
 13415 | Lair:2   | Noticed a death yak
 13563 | Lair:2   | Killed Urug
 13690 | Lair:2   | Noticed a death yak
 13694 | Lair:2   | Killed a death yak
 13695 | Lair:2   | Reached skill level 10 in Conjurations
 13701 | Lair:2   | Killed a death yak
 13702 | Lair:2   | Killed a death yak
 13702 | Lair:2   | Killed a death yak
 13702 | Lair:2   | Reached **** piety under Vehumet
 13704 | Lair:2   | Killed a death yak
 13705 | Lair:2   | Reached skill level 5 in Spellcasting
 13758 | Lair:2   | Killed a death yak
 13959 | Lair:2   | Found a runed translucent gate.
 13960 | Lair:2   | Found a runed translucent gate.
 13962 | Lair:2   | Found a runed translucent gate.
 14356 | Lair:2   | Noticed a ghost crab
 14363 | Lair:2   | Killed a ghost crab
 14571 | Lair:2   | Noticed a ghost crab
 14644 | Lair:2   | Killed a ghost crab
 14701 | Lair:2   | Found a staircase to the Swamp.
 15022 | Lair:3   | Offered knowledge of Hailstorm by Vehumet.
 15451 | Lair:3   | Gained mutation: You have a pair of antennae on your head.
                  | [demonic ancestry]
 15451 | Lair:3   | Reached XP level 13. HP: 91/91 MP: 18/22
 15531 | Lair:3   | Found a staircase to the Snake Pit.
 16203 | Lair:4   | Found a transporter.
 16392 | Lair:4   | Reached skill level 5 in Dodging
 16708 | Lair:4   | Reached ***** piety under Vehumet
 16732 | Lair:4   | Offered knowledge of Ozocubu's Refrigeration by Vehumet.
 16746 | Lair:4   | Learned a level 7 spell: Ozocubu's Refrigeration
 17350 | Lair:4   | Noticed Disoufrejy's ghost (journeyman MiFi)
 17564 | Lair:4   | Mangled by a death yak

Illustrated notes

Levels and vault maps discovered:
D:1:      sevenhm_arrival_forest_fort_small_5, layout_rooms
D:2:      layout_loops_ring
D:3:      layout_loops_ring, mainiacjoe_overflow_swirl
D:4:      layout_loops_ring, serial_bayou, serial_bayou_pond_a,
          serial_bayou_shore_a, serial_bayou_crossing, serial_bayou_pond_d,
          serial_bayou_lagoon_b, uniq_blork_the_orc
D:5:      layout_layer_cave, tso_metal_star, mainiacjoe_overflow_alcove_1
D:6:      layout_gridville, grunt_ministairs_1, uniq_duvessa, uniq_maggie
D:7:      layout_basic, minmay_temple_entry_stoned_glass
D:8:      layout_gridville, serial_glass, glass_columns_c, glass_columns_a,
          serial_shops, shop_fountains, nicolae_custom_books
D:9:      layout_roguey, serial_undead, serial_undead_b, serial_undead_d,
          serial_undead_f, serial_undead_c, serial_undead_d
D:10:     minmay_shrinking_squares, layout_basic, xom_confusion_cloud,
          erik_lair_orcish_takeover, nicolae_eternal_life, serial_bayou_pond_a,
          nicolae_diode_stairs
Temple:   minmay_temple_bridge_d
Lair:1:   layout_regular_city, gammafunk_ghost_hydra_chop, columned_hall_lemuel,
          grunt_megastairs_1, infiniplex_staircase_pool_2, uniq_sonja
Lair:2:   layout_loops_ring, nicolae_swamp_entry_spooky, gammafunk_ghost_split,
          serial_bayou_lagoon_a, st_stairs_12, grunt_megastairs_5, uniq_urug
Lair:3:   dreamdust_cave_troll, layout_chaotic_city,
          guppyfry_snake_entry_garden, grunt_megastairs_4
Lair:4:   slaughterhouse, layout_long_grid, nzn_ghost_randoct,
          hangedman_tree_tricks

Skill      XL: |  1  2  3  4  5  6  7  8  9 10 11 12 13 |
---------------+----------------------------------------+-----
Stealth        | 2 |  2.0
Ice Magic      | 4 6 7 9 10 11 12 | 12.5
Spellcasting   | 3 6 |  6.0
Fighting       | 1 3 5 7 |  7.5
Dodging        | 2 3 4 6 |  6.5
Conjurations   | 2 4 7 9 11 12 | 12.2
Air Magic      | 1 4 7 9 |  9.2
Earth Magic    | 5 6 |  6.0

Action                     |  1- 3 |  4- 6 |  7- 9 | 10-12 | 13-15 || total
---------------------------+-------+-------+-------+-------+-------++-------
  Melee: Dagger            |   130 |    38 |       |       |       ||   168
         Punch             |     2 |     1 |     5 |     5 |     3 ||    16
         Hand axe          |       |    64 |   214 |   201 |       ||   479
         Staff             |       |       |       |   167 |    70 ||   237
  Throw: Dart              |       |     4 |    31 |    44 |     5 ||    84
         Throwing net      |       |       |     3 |       |       ||     3
   Cast: Freeze            |    25 |    14 |       |       |       ||    39
         Frozen Ramparts   |       |     9 |    48 |   106 |    34 ||   197
         Ozocubu's Armour  |       |     5 |    13 |    55 |    15 ||    88
         Freezing Cloud    |       |       |       |    26 |    32 ||    58
         Stone Arrow       |       |       |       |    23 |    13 ||    36
  Evoke: Wand              |       |       |       |     1 |     6 ||     7
    Use: Scroll            |       |     5 |    11 |     8 |       ||    24
         Potion            |       |       |     1 |     5 |     2 ||     8
   Stab: Sleeping          |     5 |     4 |     4 |     2 |       ||    15
         Invisible         |       |       |       |     4 |       ||     4
 Armour: Robe              |    89 |    74 |   109 |   128 |    72 ||   472
         Steam dragon scal |       |       |   109 |   323 |       ||   432
  Dodge: Dodged            |    96 |    60 |   241 |   444 |    46 ||   887

Table legend: (Time is in decaauts)
 A = Elapsed time spent in this place.
 B = Non-inter-level travel time spent in this place.
 C = Inter-level travel time spent in this place.
 D = Time resting spent in this place.
 E = Time spent auto-exploring this place.
 F = Levels seen in this place.
 G = Mean time per level.
                   A        B        C        D        E       F      G
               +--------+--------+--------+--------+--------+-----+--------+
         Total |  17852 |  17020 |    832 |   2065 |  11242 |  15 | 1190.1 |
       Dungeon |  11308 |  10694 |    614 |    995 |   7324 |  10 | 1130.8 |
        Temple |    146 |      1 |    145 |      0 |      0 |   1 |  146.0 |
          Lair |   6397 |   6324 |     73 |   1070 |   3918 |   4 | 1599.2 |
               +--------+--------+--------+--------+--------+-----+--------+

Top non-repeatable levels by time:
  Lair:1: 1994 daAuts
     D:5: 1910 daAuts
  Lair:2: 1752 daAuts
     D:9: 1462 daAuts
  Lair:4: 1378 daAuts
    D:10: 1349 daAuts
  Lair:3: 1272 daAuts
     D:8: 1237 daAuts
     D:4: 1073 daAuts
     D:6: 990 daAuts
     D:3: 954 daAuts
     D:7: 896 daAuts
     D:2: 755 daAuts
     D:1: 677 daAuts
  Temple: 146 daAuts
